 Dungeon Crawl Stone Soup version 0.24.0-13-gcf9b3192b9 (webtiles) character file.

Game seed: 6793126893192204815, levelgen mode: deterministic

995 Lanoc the Spear-Bearer (level 8, -11/62 HPs)
             Began as a Merfolk Warper on Nov 6, 2019.
             Killed from afar by Ijyb (19 damage)
             ... with a bolt of acid
             ... on level 5 of the Dungeon.
             The game lasted 00:09:32 (3229 turns).

Lanoc the Spear-Bearer (Merfolk Warper)             Turns: 3229, Time: 00:09:33

Health: -11/62     AC: -3    Str: 12    XL:     8   Next: 19%
Magic:  11/11      EV: 15    Int: 13    God:
Gold:   183        SH:  0    Dex: 17    Spells: 9/11 levels left

rFire    . . .     SeeInvis .   j - +1 spear (venom)
rCold    . . .     Gourm    .   (no shield)
rNeg     . . .     Faith    .   r - +0 troll leather armour (curse)
rPois    .         Spirit   .   (no helmet)
rElec    .         Reflect  .   (no cloak)
rCorr    .         Harm     .   (no gloves)
MR       .....                  (no boots)
Stlth    +.........             (no amulet)
HPRegen  0.60/turn              k - +3 ring of dexterity
MPRegen  0.12/turn              (no ring)

@: corroded
A: change form in water, swift swim, stealthy swim, blurry vision 1, wild magic
1
a: no special abilities


You were on level 5 of the Dungeon.
You were hungry.

You visited 1 branch of the dungeon, and saw 5 of its levels.

You collected 183 gold pieces.

Inventory:

Hand Weapons
 j - a +1 spear of venom (weapon)
Missiles
 t - 7 boomerangs (quivered)
Armour
 r - a cursed +0 troll leather armour (worn)
Jewellery
 k - a +3 ring of dexterity (left hand)
 o - a cursed amulet of regeneration
Wands
 m - a wand of acid (8)
 s - a wand of random effects (40)
Scrolls
 a - 3 scrolls of identify {unknown}
 c - 3 scrolls of enchant weapon {unknown}
 d - a scroll of blinking
 g - a scroll of fear {unknown}
 h - a scroll of immolation {unknown}
 l - a scroll of amnesia {unknown}
 n - a scroll of remove curse {unknown}
 q - 2 scrolls of teleportation {unknown}
 v - a scroll of noise {unknown}
Potions
 b - a potion of curing
 e - a potion of haste {unknown}
 p - a potion of mutation
Comestibles
 f - 5 rations


   Skills:
 + Level 5.0 Fighting
 * Level 9.1 Polearms
 - Level 1.0 Throwing
 - Level 0.6 Armour
 + Level 6.1 Dodging
 - Level 2.0 Spellcasting
 + Level 3.8 Translocations


You had 9 spell levels left.
You knew the following spells:

 Your Spells              Type           Power        Failure   Level  Hunger
a - Blink                 Tloc           N/A          14%         2    ###....

Your spell library contained the following spells:

 Spells                   Type           Power        Failure   Level  Hunger
 Gell's Gravitas          Tloc           ##........   28%         3    ####...
 Lesser Beckoning         Tloc           ##........   28%         3    ####...
 Teleport Other           Tloc           ##......     28%         3    ####...
 Shroud of Golubria       Chrm/Tloc      #.....       30%         2    ###....
 Confusing Touch          Hex            #.....       41%         1    ##.....
 Passage of Golubria      Tloc           N/A          63%         4    #####..
 Confuse                  Hex            #.......     75%         3    ####...
 Petrify                  Tmut/Erth      #.......     98%         4    #####..
 Metabolic Englaciation   Hex/Ice        #.........   100%        5    ######.
 Yara's Violent Unravell  Hex/Tmut       #.........   100%        5    ######.


Dungeon Overview and Level Annotations

Branches:
Dungeon (5/15)
 Temple: D:4-7

Altars:

Annotations:
D:5 Ijyb


Innate Abilities, Weirdness & Mutations

You revert to your normal form in water.
You are very nimble and swift while swimming.
You are very stealthy in the water. (Stealth+)
Scrolls take you a little longer to read.
Your spells are a little harder to cast, but a little more powerful.


Message History

You hit Ijyb.
Ijyb is moderately wounded.
Ijyb hits you with a +0 dagger.
You hit Ijyb.
Ijyb is poisoned.
Ijyb is heavily wounded.
You hit Ijyb but do no damage.
Ijyb looks as sick as possible!
Ijyb is heavily wounded.
Ijyb screams, "I cut your head off!" Ijyb barely misses you.
You hit Ijyb but do no damage.
Ijyb is severely wounded.
You barely miss Ijyb.
Ijyb is severely wounded.
Ijyb zaps a wand.
The bolt of acid hits you! The acid corrodes you!
You are splashed with acid!
* * * LOW HITPOINT WARNING * * *
You hit Ijyb.
Ijyb looks as sick as possible!
Ijyb is severely wounded.
Ijyb zaps a wand.
The bolt of acid hits you!!
You die...

...#........#
######.###..#######
.......###.........
.......##...#######
.......##.†††......
.......##....######
.......##......#..
.......#####.#.#g#
.......# #.#.#@#
.......>. #.#.#.#
..........##...#.#
..........####.#.#
#.........+ #...#
#..###....#
#.#.......
...#.###### #####.#
#.#


You could see Ijyb.

Vanquished Creatures
  Grinder (D:5)
  4 ogres
  A scorpion (D:4)
  2 hounds
  2 orc wizards (D:3)
  An orc priest (D:3)
  Natasha (twice) (D:3)
  2 worker ants (D:4)
  A killer bee zombie (D:4)
  A hound skeleton (D:4)
  2 adders (D:2)
  An ooze (D:2)
  An adder skeleton (D:5)
  5 worms
  3 dart slugs
  3 leopard geckos
  5 orcs
  3 ball pythons
  6 giant cockroaches
  9 goblins
  11 hobgoblins
  12 jackals
  5 quokkas
  7 bats
  4 frilled lizards
  5 kobolds
  A rat (D:1)
100 creatures vanquished.

Notes
Turn   | Place    | Note
-------+----------+-------------------------------------------
     0 | D:1      | Lanoc the Merfolk Warper began the quest for the Orb.
     0 | D:1      | Reached XP level 1. HP: 16/16 MP: 3/3
    93 | D:1      | Reached XP level 2. HP: 11/23 MP: 5/5
   101 | D:1      | Learned a level 2 spell: Blink
   465 | D:1      | Reached skill level 4 in Polearms
   528 | D:1      | Reached XP level 3. HP: 22/28 MP: 6/6
   987 | D:2      | Reached skill level 5 in Polearms
   987 | D:2      | Reached XP level 4. HP: 25/35 MP: 7/7
  1571 | D:3      | Noticed Natasha
  1581 | D:3      | Killed Natasha
  1581 | D:3      | Reached XP level 5. HP: 21/41 MP: 8/8
  1732 | D:3      | Noticed an ogre
  1742 | D:3      | Killed an ogre
  1742 | D:3      | Reached skill level 6 in Polearms
  1758 | D:3      | Reached XP level 6. HP: 45/47 MP: 9/9
  1859 | D:3      | Noticed Natasha
  1867 | D:3      | Killed Natasha
  2121 | D:3      | Reached skill level 7 in Polearms
  2397 | D:4      | Reached skill level 5 in Dodging
  2414 | D:4      | Reached XP level 7. HP: 25/54 MP: 10/10
  2826 | D:4      | Reached skill level 8 in Polearms
  3070 | D:5      | Entered Level 5 of the Dungeon
  3070 | D:5      | Noticed Grinder
  3072 | D:5      | Gained mutation: Scrolls take you a little longer to read.
                  | [potion of mutation]
  3072 | D:5      | Gained mutation: Your spells are a little harder to cast,
                  | but a little more powerful. [potion of mutation]
  3091 | D:5      | Killed Grinder
  3091 | D:5      | Reached XP level 8. HP: 58/61 MP: 11/11
  3119 | D:5      | Reached skill level 9 in Polearms
  3166 | D:5      | Reached skill level 5 in Fighting
  3217 | D:5      | Noticed Ijyb
  3229 | D:5      | Killed from afar by Ijyb

Levels and vault maps discovered:
D:1:      ebering_trefoil_3fold, layout_basic
D:2:      layout_basic, minmay_tromino_v4_a
D:3:      wander_river, layout_basic, first_ration, uniq_natasha
D:4:      layout_loops_cross
D:5:      layout_basic, uniq_edmund, uniq_grinder, uniq_ijyb, uniq_pikel

Skill      XL: |  1  2  3  4  5  6  7  8 |
---------------+-------------------------+-----
Dodging        | 3 4 5 6 |  6.1
Polearms       | 4 5 6 7 8 9 |  9.1
Fighting       | 3 4 5 |  5.0
Translocations | 3 |  3.8
Throwing       | |  1.0
Armour         | |  0.6
Spellcasting   | |  2.0

Action                   |  1- 3 |  4- 6 |  7- 9 || total
-------------------------+-------+-------+-------++-------
Melee: Spear             |   112 |   170 |   103 ||   385
Throw: Boomerang         |       |       |     5 ||     5
  Use: Potion            |       |       |     4 ||     4
 Stab: Sleeping          |     2 |     3 |     1 ||     6
  Eat: Chunk             |       |     5 |     2 ||     7
Armor: Leather armour    |    21 |     4 |       ||    25
       Troll leather arm |       |    11 |     8 ||    19
Dodge: Dodged            |    72 |    64 |    32 ||   168
